 Dungeon Crawl Stone Soup version 0.28.0-53-g5a82cb258f (webtiles) character file.

Game seed: 14777701097966889169

1570 Plasmagod the Ducker (level 8, -2/64 HPs)
             Began as a Gnoll Gladiator on July 20, 2022.
             Slain by a shadow (21 damage)
             ... on level 5 of the Dungeon.
             The game lasted 00:15:52 (6972 turns).

Plasmagod the Ducker (Gnoll Gladiator)              Turns: 6972, Time: 00:15:52

Health: -2/64      AC: 15    Str: 16    XL:     8   Next: 90%
Magic:  13/13      EV: 15    Int:  7    God:
Gold:   335        SH: 10    Dex: 20    Spells: 12/14 levels left

rFire   . . .      SeeInvis .   h - +2 short sword (protect)
rCold   . . .      Faith    .   r - +0 kite shield
rNeg    . . .      Spirit   .   k - +2 leather armour {Will+}
rPois   .          Reflect  .   c - +1 helmet
rElec   .          Harm     .   (no cloak)
rCorr   .          Rampage  .   (no gloves)
Will    +....                   g - +0 pair of boots
Stlth   +++.......              (no amulet)
HPRegen 0.20/turn               f - ring of wizardry
MPRegen 0.13/turn               F - +6 ring of dexterity

@: under a protective aura
A: fangs 1, strong nose, distributed training
a: no special abilities


You were on level 5 of the Dungeon.
You visited 1 branch of the dungeon, and saw 6 of its levels.
You also visited: Sewer.

You collected 335 gold pieces.

Inventory:

Hand Weapons
 a - a +0 long sword
 h - a +2 short sword of protection (weapon)
 u - a +2 hand axe of flaming
Missiles
 b - 109 stones
 d - 3 throwing nets
 l - 7 poisoned darts
 t - 2 silver javelins
 y - 6 javelins
Armour
 c - a +1 helmet (worn)
 g - a +0 pair of boots (worn)
 k - a +2 leather armour of willpower (worn)
 r - a +0 kite shield (worn)
Jewellery
 f - a ring of wizardry (left hand)
 w - a ring of protection from fire
 F - a +6 ring of dexterity (right hand)
Wands
 C - a wand of acid (4)
Scrolls
 j - a scroll of vulnerability
 o - a scroll of enchant weapon {unknown}
 p - 2 scrolls of fog
 s - a scroll of blinking
 x - a scroll of magic mapping {unknown}
 z - a scroll of noise {unknown}
 B - a scroll of teleportation {unknown}
 G - a scroll of identify
Potions
 e - 4 potions of curing
 i - a potion of resistance
 m - a potion of magic
 n - a potion of ambrosia
 v - 2 potions of attraction {unknown}
 A - a potion of heal wounds
 D - a potion of flight {unknown}
 E - a potion of mutation {unknown}
Miscellaneous
 q - a tin of tremorstones (2/2)


   Skills:
 + Level 5.9 Fighting
 + Level 3.6 Short Blades
 + Level 7.6 Long Blades
 + Level 3.6 Axes
 + Level 3.6 Maces & Flails
 + Level 3.6 Polearms
 + Level 3.6 Staves
 + Level 3.6 Slings
 + Level 3.6 Bows
 + Level 3.6 Crossbows
 + Level 5.9 Throwing
 + Level 3.6 Armour
 + Level 7.6 Dodging
 + Level 3.6 Stealth
 + Level 3.6 Shields
 + Level 3.6 Unarmed Combat
 + Level 3.6 Spellcasting
 + Level 3.0 Conjurations
 + Level 3.0 Hexes
 + Level 3.0 Summonings
 + Level 3.0 Necromancy
 + Level 3.0 Translocations
 + Level 3.0 Transmutations
 + Level 3.0 Fire Magic
 + Level 3.0 Ice Magic
 + Level 3.0 Air Magic
 + Level 3.0 Earth Magic
 + Level 3.0 Poison Magic
 + Level 4.0 Invocations
 + Level 3.6 Evocations


You had 12 spell levels left.
You knew the following spells:

 Your Spells              Type           Power      Damage    Failure   Level
a - Sandblast             Erth           10%        2d5       14%         1
b - Magic Dart            Conj           20%        1d4       14%         1

Your spell library contained the following spells:

 Spells                   Type           Power      Damage    Failure   Level
 Call Imp                 Summ           5%         N/A       21%         2
 Passwall                 Tmut/Erth      4%         N/A       21%         2
 Poisonous Vapours        Pois/Air       10%        N/A       21%         2
 Mephitic Cloud           Conj/Pois/Air  5%         N/A       38%         3
 Ozocubu's Armour         Ice            5%         N/A       38%         3
 Stone Arrow              Conj/Erth      10%        3d7       38%         3
 Fulminant Prism          Conj/Hex       2%         3d6       77%         4
 Iskenderun's Mystic Bla  Conj/Tloc      5%         2d3       77%         4
 Lee's Rapid Deconstruct  Erth           2%         3d6*      97%         5
 Conjure Ball Lightning   Conj/Air       2%         3x3d6     100%        6
 Malign Gateway           Summ/Tloc      2%         N/A       100%        7
 Ozocubu's Refrigeration  Ice            2%         4d5       100%        7


Dungeon Overview and Level Annotations

Branches:
Dungeon (6/15)              Sewer (visited)
 Temple: D:4-7

Altars:

Shops:
D:3 !


Innate Abilities, Weirdness & Mutations

You have very sharp teeth.
Your uncanny sense of smell can sniff out nearby items.
Your experience applies equally to all skills.


Message History

The water moccasin bites you but does no damage.
You puncture the water moccasin!
The water moccasin is moderately wounded.
The water moccasin completely misses you.
You block the water moccasin's attack.
You hit the water moccasin.
The water moccasin is heavily wounded.
The water moccasin closely misses you.
You hit the water moccasin.
The water moccasin is severely wounded.
The water moccasin misses you.
The water moccasin bites you but does no damage.
You hit the water moccasin.
The water moccasin is almost dead.
The water moccasin closely misses you.
The water moccasin bites you but does no damage.
You miss the water moccasin.
The water moccasin is almost dead.
You block the water moccasin's attack.
You closely miss the water moccasin.
The water moccasin is almost dead.
The water moccasin bites you!
* * * LOW HITPOINT WARNING * * *
The water moccasin barely misses you.
You puncture the water moccasin!
You kill the water moccasin!
Your Conjurations skill increases to level 3!
Your Hexes skill increases to level 3!
Your Summonings skill increases to level 3!
Your Necromancy skill increases to level 3!
Your Translocations skill increases to level 3!
Your Transmutations skill increases to level 3!
Your Fire Magic skill increases to level 3!
Your Ice Magic skill increases to level 3!
Your Air Magic skill increases to level 3!
Your Earth Magic skill increases to level 3!
Your Poison Magic skill increases to level 3!
Your Invocations skill increases to level 4!
The shadow strikes at you from the darkness!
You die...

.###.# ##...##.##.# ..##.#
###.....#.# ...#.# ###.#...#
...#.# #..#..##### ...'.#
##.#......##### #..#.##
#..##.##.....### ##.#..###
##.##.######....
####....###########o.#.##########
.###.##.........@.l..............
..##[###############..#.#########
...#.# ##.#.######## ...#.#
##....>[.....## ...'.#
##.............# #..#.#
#............... ##.#.#
#............... ####.#
#........<...... .###.#
#........>......


You could see an iguana and an orc wizard.

Vanquished Creatures
  Sigmund (D:4)
  Eustachio (D:4)
  Edmund (D:4)
  A water moccasin (D:5)
  A black bear (D:5)
  A necrophage (D:4)
  An ogre (D:5)
  2 bullfrogs (Sewer)
  2 scorpions (D:5)
  A wyvern skeleton (D:4)
  3 hounds (D:5)
  2 centaur skeletons
  2 iguanas
  3 orc wizards (D:4)
  A howler monkey zombie (D:5)
  9 adders
  A howler monkey skeleton (D:3)
  An ufetubus (D:5)
  4 adder skeletons (D:4)
  2 worms (D:2)
  A dart slug (D:1)
  10 orcs
  6 endoplasms
  12 giant cockroaches
  4 goblins (D:2)
  3 hobgoblins
  7 jackals
  8 quokkas
  9 ball pythons
  4 bats
  13 frilled lizards
  10 kobolds
  4 rats
131 creatures vanquished.

Notes
Turn   | Place    | Note
-------+----------+-------------------------------------------
     0 | D:1      | Plasmagod the Gnoll Gladiator began the quest for the Orb.
     0 | D:1      | Reached XP level 1. HP: 20/20 MP: 1/1
    16 | D:1      | Found a faded altar of an unknown god.
   253 | D:1      | Reached XP level 2. HP: 26/26 MP: 2/2
  1033 | D:2      | Reached XP level 3. HP: 31/31 MP: 3/3
  1098 | D:2      | Reached skill level 1 in Invocations
  1159 | D:2      | Reached skill level 1 in Short Blades
  1159 | D:2      | Reached skill level 1 in Axes
  1159 | D:2      | Reached skill level 1 in Maces & Flails
  1159 | D:2      | Reached skill level 1 in Polearms
  1159 | D:2      | Reached skill level 1 in Staves
  1159 | D:2      | Reached skill level 1 in Slings
  1159 | D:2      | Reached skill level 1 in Bows
  1159 | D:2      | Reached skill level 1 in Crossbows
  1159 | D:2      | Reached skill level 1 in Armour
  1159 | D:2      | Reached skill level 1 in Stealth
  1159 | D:2      | Reached skill level 1 in Shields
  1159 | D:2      | Reached skill level 1 in Unarmed Combat
  1159 | D:2      | Reached skill level 1 in Spellcasting
  1159 | D:2      | Reached skill level 1 in Evocations
  1311 | D:2      | Reached XP level 4. HP: 38/38 MP: 5/5
  2021 | D:2      | Reached skill level 1 in Conjurations
  2021 | D:2      | Reached skill level 1 in Hexes
  2021 | D:2      | Reached skill level 1 in Summonings
  2021 | D:2      | Reached skill level 1 in Necromancy
  2021 | D:2      | Reached skill level 1 in Translocations
  2021 | D:2      | Reached skill level 1 in Transmutations
  2021 | D:2      | Reached skill level 1 in Fire Magic
  2021 | D:2      | Reached skill level 1 in Ice Magic
  2021 | D:2      | Reached skill level 1 in Air Magic
  2021 | D:2      | Reached skill level 1 in Earth Magic
  2021 | D:2      | Reached skill level 1 in Poison Magic
  2256 | D:3      | Found a glowing drain.
  2260 | Sewer    | Entered a sewer
  2338 | Sewer    | Reached XP level 5. HP: 33/43 MP: 6/6
  2718 | Sewer    | Reached XP level 6. HP: 10/50 MP: 8/8
  3218 | D:3      | Found Ubewor's Distillery.
  3258 | D:3      | Reached skill level 5 in Fighting
  3258 | D:3      | Reached skill level 5 in Throwing
  3578 | D:4      | Noticed Edmund
  3578 | D:4      | Noticed Eustachio
  4133 | D:4      | HP: 2/51 [Edmund/+1 dire flail of protection (12)]
  4135 | D:4      | Killed Edmund
  4136 | D:4      | Reached XP level 7. HP: 2/56 MP: 10/10
  4737 | D:4      | Killed Eustachio
  5374 | D:4      | Learned a level 1 spell: Sandblast
  5605 | D:4      | Noticed Sigmund
  5623 | D:4      | Killed Sigmund
  5624 | D:4      | Reached XP level 8. HP: 48/63 MP: 12/12
  5817 | D:5      | Entered Level 5 of the Dungeon
  6287 | D:5      | Learned a level 1 spell: Magic Dart
  6522 | D:5      | Got the Reference Book on Orientation and Weightlessness
  6758 | D:6      | Noticed a shadow
  6972 | D:5      | Slain by a shadow

Illustrated notes

Levels and vault maps discovered:
D:1:      dpeg_arrival_rhombus, layout_basic,
          hellmonk_ecumenical_altar_arch_garden, minmay_lizard_pond
D:2:      layout_loops_corners, minmay_joined_circles
D:3:      layout_loops_ring, serial_shops, nicolae_shop_behind_doors,
          gup_sewer_entry_bowl
D:4:      layout_loops_ring, uniq_sigmund, uniq_edmund, uniq_eustachio
D:5:      layout_rooms, minmay_quadrilaterals
D:6:      black_bear_nest_2, layout_basic, lemuel_doored_altar,
          minmay_temple_entry_waves, kb_rosetta

Skill      XL: |  1  2  3  4  5  6  7  8 |
---------------+-------------------------+-----
Invocations    | 1 2 3 4 |  4.0
Short Blades   | 1 2 3 |  3.6
Axes           | 1 2 3 |  3.6
Maces & Flails | 1 2 3 |  3.6
Polearms       | 1 2 3 |  3.6
Staves         | 1 2 3 |  3.6
Slings         | 1 2 3 |  3.6
Bows           | 1 2 3 |  3.6
Crossbows      | 1 2 3 |  3.6
Armour         | 1 2 3 |  3.6
Stealth        | 1 2 3 |  3.6
Shields        | 1 2 3 |  3.6
Unarmed Combat | 1 2 3 |  3.6
Spellcasting   | 1 2 3 |  3.6
Evocations     | 1 2 3 |  3.6
Conjurations   | 1 2 3 |  3.0
Hexes          | 1 2 3 |  3.0
Summonings     | 1 2 3 |  3.0
Necromancy     | 1 2 3 |  3.0
Translocations | 1 2 3 |  3.0
Transmutations | 1 2 3 |  3.0
Fire Magic     | 1 2 3 |  3.0
Ice Magic      | 1 2 3 |  3.0
Air Magic      | 1 2 3 |  3.0
Earth Magic    | 1 2 3 |  3.0
Poison Magic   | 1 2 3 |  3.0
Fighting       | 5 |  5.9
Throwing       | 5 |  5.9
Long Blades    | 7 |  7.6
Dodging        | 7 |  7.6

Action                   |  1- 3 |  4- 6 |  7- 9 || total
-------------------------+-------+-------+-------++-------
Melee: Long sword        |    46 |       |       ||    46
       Bite              |     8 |    35 |    38 ||    81
       Short sword       |    70 |   323 |   312 ||   705
       Punch             |     1 |     5 |     7 ||    13
 Cast: Sandblast         |       |       |     1 ||     1
       Magic Dart        |       |       |     5 ||     5
  Use: Scroll            |       |     7 |     2 ||     9
       Potion            |       |     1 |       ||     1
 Stab: Sleeping          |       |     2 |     2 ||     4
       Distracted        |       |       |     1 ||     1
Armor: Leather armour    |    33 |   110 |   182 ||   325
Dodge: Dodged            |    86 |   217 |   298 ||   601
Block: Kite shield       |       |       |    85 ||    85
